General information
- name: BNet
- type: Ladder team game (AT/RT)
- host: Battle.net
- saver: Bromeister
map: HinterlandRaid
- players: 6
- length: 08:18
- speed: Fast
- version: 1.26 W3XP
- replay type: Public
» download(58 KB)
Players
team 1 (winner)
Bromeister (
teal | 90 APM | 744 actions | 08:18)
1 Far Seer
1 Feral Spirit
» actions
| Assign group hotkey | 2 | |
| Basic commands | 2 | |
| Build / train | 28 | |
| Enter build submenu | 39 | |
| Enter hero's abilities submenu | 1 | |
| Remove unit from queue | 19 | |
| Right click | 409 | |
| Select / deselect | 127 | |
| Select group hotkey | 59 | |
| Use ability | 58 | |
744 total
» units
» upgrades
| Spiked Barricades | 1 | |
| Ranged Weapons | 1 | |
2 total
» buildings
| War Mill | 1 | |
| Watch Tower | 21 | |
| Orc Burrow | 2 | |
| Altar of Storms | 1 | |
| Voodoo Lounge | 1 | |
| Barracks | 1 | |
| Stronghold | 2 | |
29 total
» build order
00:14 War Mill
01:27 Watch Tower
01:47 Orc Burrow
02:03 Watch Tower
02:25 Altar of Storms
02:38 Watch Tower
03:18 Watch Tower
03:24 Watch Tower
03:38 Watch Tower
03:40 Watch Tower
03:45 Watch Tower
03:48 Watch Tower
03:51 Watch Tower
03:52 Watch Tower
03:53 Watch Tower
04:03 Watch Tower
04:17 Watch Tower
04:36 Voodoo Lounge
04:54 Orc Burrow
04:58 Watch Tower
05:21 Watch Tower
05:34 Watch Tower
06:08 Watch Tower
06:52 Barracks
07:08 Watch Tower
07:26 Watch Tower
07:31 Watch Tower
07:45 Stronghold
07:45 Stronghold
» items
| Scroll of Speed | 2 | |
| Healing Salve | 3 | |
| Lesser Clarity Potion | 3 | |
8 total
Arazah (
purple | 96 APM | 797 actions | 08:17)
2 Mountain King
1 Storm Bolt
1 Bash
» actions
| Assign group hotkey | 31 | |
| Basic commands | 20 | |
| Build / train | 31 | |
| Enter build submenu | 14 | |
| Enter hero's abilities submenu | 2 | |
| Right click | 371 | |
| Select / deselect | 173 | |
| Select group hotkey | 116 | |
| Use ability | 39 | |
797 total
» units
» upgrades
» buildings
| Barracks | 2 | |
| Altar of Kings | 1 | |
| Farm | 7 | |
| Scout Tower | 1 | |
| Arcane Tower | 1 | |
| Keep | 2 | |
| Blacksmith | 1 | |
| Workshop | 1 | |
16 total
» build order
00:14 Barracks
00:18 Altar of Kings
00:28 Farm
01:11 Farm
01:54 Farm
01:56 Scout Tower
02:29 Arcane Tower
03:04 Farm
04:09 Barracks
04:48 Keep
04:49 Keep
05:27 Farm
06:00 Farm
06:00 Farm
06:02 Blacksmith
07:19 Workshop
» items
| Healing Salve | 1 | |
| Lesser Clarity Potion | 1 | |
| Scroll of Speed | 1 | |
3 total

»
yttrium (
red | 58 APM | 480 actions | 08:17)
2 Mountain King
1 Storm Bolt
1 Thunder Clap
» actions
| Assign group hotkey | 7 | |
| Build / train | 25 | |
| Enter build submenu | 13 | |
| Enter hero's abilities submenu | 2 | |
| Right click | 257 | |
| Select / deselect | 83 | |
| Select group hotkey | 73 | |
| Use ability | 20 | |
480 total
» units
| Peasant | 9 | |
| Footman | 2 | |
| Rifleman | 7 | |
18 total
» upgrades
» buildings
| Altar of Kings | 1 | |
| Barracks | 1 | |
| Farm | 6 | |
| Blacksmith | 1 | |
| Lumber Mill | 1 | |
| Arcane Vault | 1 | |
| Keep | 1 | |
12 total
» build order
00:09 Altar of Kings
00:18 Barracks
00:34 Farm
01:00 Farm
01:39 Farm
02:13 Blacksmith
02:33 Lumber Mill
04:11 Farm
04:15 Farm
04:16 Farm
04:19 Arcane Vault
06:11 Keep
» items
| Healing Salve | 1 | |
| Lesser Clarity Potion | 1 | |
2 total
team 2 (loser)
imassarmour (
orange | 106 APM | 861 actions | 08:09)
1 Paladin
1 Holy Light
2 Mountain King
1 Storm Bolt
1 Bash
» actions
| Assign group hotkey | 44 | |
| Basic commands | 12 | |
| Build / train | 62 | |
| Enter build submenu | 12 | |
| Enter hero's abilities submenu | 3 | |
| Right click | 339 | |
| Select / deselect | 194 | |
| Select group hotkey | 137 | |
| Use ability | 58 | |
861 total
» units
» upgrades
» buildings
| Farm | 4 | |
| Altar of Kings | 1 | |
| Lumber Mill | 1 | |
| Barracks | 2 | |
| Arcane Vault | 1 | |
| Scout Tower | 1 | |
| Arcane Tower | 1 | |
| Keep | 1 | |
12 total
» build order
00:20 Farm
00:23 Altar of Kings
00:34 Farm
00:36 Lumber Mill
00:47 Barracks
02:29 Farm
02:35 Arcane Vault
02:38 Scout Tower
03:06 Arcane Tower
03:17 Farm
06:55 Keep
06:57 Barracks
» items
| Lesser Clarity Potion | 8 | |
| Scroll of Regeneration | 1 | |
9 total

»
feumes (
green | 44 APM | 141 actions | 03:14)
» actions
| Assign group hotkey | 3 | |
| Basic commands | 3 | |
| Build / train | 9 | |
| Enter build submenu | 10 | |
| Right click | 47 | |
| Select / deselect | 40 | |
| Select group hotkey | 20 | |
| Use ability | 9 | |
141 total
» units
» buildings
| Altar of Kings | 1 | |
| Barracks | 1 | |
| Farm | 2 | |
| Blacksmith | 1 | |
| Lumber Mill | 1 | |
| Arcane Vault | 1 | |
| Scout Tower | 2 | |
9 total
» build order
01:06 Altar of Kings
01:09 Barracks
01:13 Farm
01:19 Farm
01:27 Blacksmith
01:34 Lumber Mill
02:25 Arcane Vault
02:39 Scout Tower
02:43 Scout Tower

»
yorda (
yellow | 107 APM | 887 actions | 08:16)
2 Death Knight
1 Death Coil
1 Unholy Aura
1 Lich
1 Frost Nova
» actions
| Assign group hotkey | 21 | |
| Basic commands | 8 | |
| Build / train | 43 | |
| ESC pressed | 3 | |
| Enter build submenu | 18 | |
| Enter hero's abilities submenu | 3 | |
| Right click | 473 | |
| Select / deselect | 137 | |
| Select group hotkey | 126 | |
| Use ability | 55 | |
887 total
» units
| Acolyte | 2 | |
| Ghoul | 4 | |
| Crypt Fiend | 7 | |
| Peasant | 2 | |
15 total
» upgrades
» buildings
| Crypt | 1 | |
| Ziggurat | 4 | |
| Altar of Darkness | 1 | |
| Graveyard | 1 | |
| Tomb of Relics | 1 | |
| Halls of the Dead | 2 | |
| Scout Tower | 6 | |
| Guard Tower | 7 | |
| Keep | 3 | |
26 total
» build order
00:10 Crypt
00:17 Ziggurat
00:31 Altar of Darkness
01:16 Graveyard
01:32 Tomb of Relics
01:45 Ziggurat
02:02 Ziggurat
04:19 Halls of the Dead
04:24 Scout Tower
04:47 Guard Tower
04:52 Scout Tower
05:06 Ziggurat
05:21 Scout Tower
06:02 Guard Tower
06:06 Scout Tower
06:16 Scout Tower
06:28 Scout Tower
06:33 Guard Tower
07:11 Guard Tower
07:17 Keep
07:17 Keep
07:59 Guard Tower
» items
| Rod of Necromancy | 1 | |
| Scroll of Regeneration | 2 | |
| Lesser Clarity Potion | 2 | |
5 total
Chat log
(00:06 / Allies) Arazah: new map
(00:27 / Allies) Bromeister: nah this is old school
(00:31 / Allies) Bromeister: im pro tower rush plz mass units
(00:33 / Allies) Arazah: i c
(00:41 / Allies) Bromeister: is he there?
(00:44 / Allies) Arazah: mass rifle
(00:45 / Allies) Bromeister: fuck i forgot
(00:47 / Allies) yttrium: ok
(01:00 / Allies) Arazah: or should i just footy?
(01:07 / Allies) Bromeister: mass foots
(01:08 / Allies) Arazah: dual footy towers?
(01:10 / Allies) Bromeister: double rax
(01:12 / Allies) yttrium: ill rife if you want
(01:14 / Allies) Bromeister: yes
(01:18 / Allies) Arazah: k
(01:23 / Allies) Arazah: mk hero
(01:28 / Allies) yttrium: yep
(01:29 / Allies) Bromeister: get 2 mk
(01:33 / Allies) Bromeister: er am too
(01:35 / Allies) Bromeister: maybe :p
(01:40 / Allies) Arazah: yeh
(01:40 / Allies) Bromeister: bloodmage good for flamestrike
(01:58 / Allies) Bromeister: gold plz
(02:07 / Allies) Bromeister: this is risky
(02:11 / Allies) Bromeister: send every unit here or harass top
(02:13 / Allies) Arazah: it's your choice
(02:13 / Allies) Arazah: fuck
(02:16 / Allies) Bromeister: ?
(02:39 / Allies) Arazah: come red
(02:42 / Allies) Bromeister: help
(02:43 / Allies) Bromeister: fuck
(02:48 / Allies) Bromeister: this is bad
(02:56 / Allies) Bromeister: lol help
(02:58 / Allies) yttrium: maybe he's dumb lol
(03:00 / Allies) Bromeister: LOL
(03:02 / All) yorda: ...
(03:10 / Allies) Bromeister: wood
(03:11 / Allies) Bromeister: wood
(03:14 / All) Bromeister: WHEN A NIGGA GET AN ATTITUDE
(03:31 / Allies) Bromeister: wood
(03:56 / Allies) Arazah: pally
(04:13 / Allies) Arazah: fiends
(04:26 / Allies) Bromeister: wood me :p
(04:26 / Allies) yttrium: build shop
(04:27 / Allies) Arazah: get a hero over here
(04:30 / Allies) Bromeister: so demanding
(04:35 / Allies) yttrium: build shop
(04:42 / Allies) yttrium: oops
(04:43 / Allies) Bromeister: fuck it lol
(04:49 / Allies) Bromeister: coming
(04:54 / Allies) Arazah: getting def
(05:12 / Allies) Bromeister: shoot scout tower
(05:47 / Allies) Bromeister: sue shop
(06:12 / Allies) Arazah: dk
(06:32 / Allies) Bromeister: surroudn him
(06:33 / Allies) Bromeister: wtf
(06:36 / Allies) Bromeister: lopl
(06:44 / Allies) yttrium: soz
(06:52 / Allies) yttrium: cant tell whose on my team
(06:56 / Allies) yttrium: ill change colours
(07:14 / Allies) Bromeister: woodme
(07:18 / Allies) Bromeister: wtgf
(07:21 / Allies) Bromeister: give me control
(07:23 / Allies) Bromeister: micro ur fucking units